TOP OF THE 1ST |
Hendersonville Hitmen batting - Pitching for Orlando Calrissian : LHP Mark Collins
|
Pitching: LHP Mark Collins
|
|
Batting: RHB Junior Vargas
|
0-0: Swinging Strike 0-1: Called Strike 0-2: Ball 1-2: Foul Ball, location: 2F 1-2: Ball 2-2: Strikes out looking
|
Batting: RHB Alonso Holguín
|
0-0: Ball 1-0: Foul Ball, location: 2F 1-1: Fly out, F7 (Flyball, 78S)
|
Batting: RHB Manolo Román
|
0-0: Ball 1-0: Called Strike 1-1: Ball 2-1: DOUBLE (Line Drive, 8LXD)
|
Batting: RHB Carlos García
|
0-0: Called Strike 0-1: Ball 1-1: Ball 2-1: Swinging Strike 2-2: Ball 3-2: Base on Balls
|
Batting: LHB Terry White
|
0-0: Called Strike 0-1: Ball 1-1: Called Strike 1-2: Strikes out swinging
|
Top of the 1st over - 0 run(s), 1 hit(s), 0 error(s), 2 left on base; Hendersonville 0 - Orlando 0 |
BOTTOM OF THE 1ST |
Orlando Calrissian batting - Pitching for Hendersonville Hitmen : RHP Samuel Émond
|
Pitching: RHP Samuel Émond
|
|
Batting: LHB Danny Allen
|
0-0: Called Strike 0-1: Ball 1-1: Foul Ball, location: 2F 1-2: Ball 2-2: Ground out 4-3 (Groundball, 4)
|
Batting: RHB Jesús Maes
|
0-0: Foul Ball, location: 2F 0-1: Swinging Strike 0-2: SINGLE (Line Drive, 34)
|
Batting: LHB Santiago Márquez
|
0-0: Swinging Strike 0-1: Foul Ball, location: 2F 0-2: Ball 1-2: Strikes out swinging
|
Batting: LHB Leo Wyeth
|
0-0: Called Strike 0-1: Ball 1-1: Foul Ball, location: 2F 1-2: Hit by Pitch Jesús Maes to second
|
Batting: RHB Eugene Gill
|
0-0: Called Strike 0-1: Fielders Choice at 2nd, 5-4 (Groundball, 56)
|
Bottom of the 1st over - 0 run(s), 1 hit(s), 0 error(s), 1 left on base; Hendersonville 0 - Orlando 0 |
TOP OF THE 2ND |
Hendersonville Hitmen batting - Pitching for Orlando Calrissian : LHP Mark Collins
|
Batting: RHB Robert Buckley
|
0-0: Ball 1-0: Ball 2-0: Ball 3-0: Called Strike 3-1: SINGLE (Line Drive, 89S)
|
Batting: SHB Tony López
|
0-0: Ball 1-0: Called Strike 1-1: Ball 2-1: Swinging Strike 2-2: Ball 3-2: Base on Balls Robert Buckley to second
|
Batting: RHB Taylor McFarland
|
0-0: Foul Ball, location: 2F 0-1: Ball 1-1: Foul Ball, location: 2F 1-2: Fly out, F8 (Line Drive, 8RS)
|
Batting: RHB Robert Bly
|
0-0: Ball 1-0: Ball 2-0: Swinging Strike 2-1: Swinging Strike 2-2: Foul Ball, location: 2F 2-2: Fielders Choice at 2nd, 6-4 (Groundball, 6M) Robert Buckley to third
|
Batting: RHB Junior Vargas
|
0-0: Called Strike 0-1: Ball 1-1: Called Strike 1-2: Ball 2-2: Ball 3-2: Base on Balls Robert Bly to second
|
Batting: RHB Alonso Holguín
|
0-0: Ball 1-0: Ball 2-0: Ball 3-0: Called Strike 3-1: Fly out, F9 (Flyball, 9M)
|
Top of the 2nd over - 0 run(s), 1 hit(s), 0 error(s), 3 left on base; Hendersonville 0 - Orlando 0 |
BOTTOM OF THE 2ND |
Orlando Calrissian batting - Pitching for Hendersonville Hitmen : RHP Samuel Émond
|
Batting: RHB Jorge Rodríguez
|
0-0: Called Strike 0-1: Foul Ball, location: 2F 0-2: Ball 1-2: Strikes out swinging
|
Batting: RHB Raúl Canó
|
0-0: Fly out, F7 (Flyball, 7D)
|
Batting: LHB Rubén Díaz
|
0-0: Ball 1-0: SINGLE (Line Drive, 9S)
|
Batting: RHB Juan Aquino
|
0-0: Ground out 6-3 (Groundball, 6)
|
Bottom of the 2nd over - 0 run(s), 1 hit(s), 0 error(s), 1 left on base; Hendersonville 0 - Orlando 0 |
TOP OF THE 3RD |
Hendersonville Hitmen batting - Pitching for Orlando Calrissian : LHP Mark Collins
|
Batting: RHB Manolo Román
|
0-0: Foul Ball, location: 2F 0-1: Swinging Strike 0-2: Hit by Pitch
|
Batting: RHB Carlos García
|
0-0: Called Strike 0-1: Ball 1-1: Called Strike 1-2: Strikes out swinging
|
Batting: LHB Terry White
|
0-0: Called Strike 0-1: Ball 1-1: Foul Ball, location: 2F 1-2: Ball 2-2: Strikes out swinging
|
Batting: RHB Robert Buckley
|
0-0: Foul Ball, location: 2F 0-1: Ball 1-1: SINGLE (Line Drive, 78S) Manolo Román to second
|
Batting: SHB Tony López
|
0-0: Called Strike 0-1: Foul Ball, location: 2F 0-2: Foul Ball, location: 2F 0-2: Ball 1-2: Foul Ball, location: 2F 1-2: Fly out, F7 (Flyball, 7LM)
|
Top of the 3rd over - 0 run(s), 1 hit(s), 0 error(s), 2 left on base; Hendersonville 0 - Orlando 0 |
BOTTOM OF THE 3RD |
Orlando Calrissian batting - Pitching for Hendersonville Hitmen : RHP Samuel Émond
|
Batting: LHB Danny Allen
|
0-0: Called Strike 0-1: SINGLE (Line Drive, 4D)
|
Batting: RHB Jesús Maes
|
0-0: Grounds into double play, 1-6-3 (Groundball, 25)
|
Batting: LHB Santiago Márquez
|
0-0: Foul Ball, location: 2F 0-1: Swinging Strike 0-2: Ball 1-2: Fly out, F7 (Flyball, 7M)
|
Bottom of the 3rd over - 0 run(s), 1 hit(s), 0 error(s), 0 left on base; Hendersonville 0 - Orlando 0 |
TOP OF THE 4TH |
Hendersonville Hitmen batting - Pitching for Orlando Calrissian : LHP Mark Collins
|
Batting: RHB Taylor McFarland
|
0-0: Called Strike 0-1: Called Strike 0-2: Foul Ball, location: 2F 0-2: Strikes out swinging
|
Batting: RHB Robert Bly
|
0-0: Ball 1-0: Foul Ball, location: 2F 1-1: Ball 2-1: Foul Ball, location: 2F 2-2: Strikes out swinging
|
Batting: RHB Junior Vargas
|
0-0: Ball 1-0: Foul Ball, location: 2F 1-1: Foul Ball, location: 2F 1-2: Ball 2-2: Fly out, F1 (Popup, 23F)
|
Top of the 4th over - 0 run(s), 0 hit(s), 0 error(s), 0 left on base; Hendersonville 0 - Orlando 0 |
BOTTOM OF THE 4TH |
Orlando Calrissian batting - Pitching for Hendersonville Hitmen : RHP Samuel Émond
|
Batting: LHB Leo Wyeth
|
0-0: Ball 1-0: Ball 2-0: Ground out 1-3 (Groundball, 13)
|
Batting: RHB Eugene Gill
|
0-0: SOLO HOME RUN (Flyball, 78D), Distance : 400 ft
|
Batting: RHB Jorge Rodríguez
|
0-0: Called Strike 0-1: Swinging Strike 0-2: Ball 1-2: Foul Ball, location: 2F 1-2: Foul Ball, location: 2F 1-2: Strikes out swinging
|
Batting: RHB Raúl Canó
|
0-0: Called Strike 0-1: SOLO HOME RUN (Flyball, 89XD), Distance : 391 ft
|
Batting: LHB Rubén Díaz
|
0-0: Ball 1-0: Ball 2-0: Ball 3-0: Called Strike 3-1: SINGLE (Groundball, 5D)
|
Batting: RHB Juan Aquino
|
0-0: Ball 1-0: Ground out 5-3 (Groundball, 56)
|
Bottom of the 4th over - 2 run(s), 3 hit(s), 0 error(s), 1 left on base; Hendersonville 0 - Orlando 2 |
TOP OF THE 5TH |
Hendersonville Hitmen batting - Pitching for Orlando Calrissian : LHP Mark Collins
|
Batting: RHB Alonso Holguín
|
0-0: Foul Ball, location: 2F 0-1: DOUBLE (Groundball, 3L)
|
Batting: RHB Manolo Román
|
0-0: Foul Ball, location: 2F 0-1: Ball 1-1: Foul Ball, location: 2F 1-2: Foul Ball, location: 2F 1-2: Ball 2-2: Fly out, F8 (Flyball, 8RXD) Runner from 2nd tags up, SAFE at 3rd, no throw
|
Pitching: LHP Jesse Hoyt
|
|
Batting: RHB Carlos García
|
0-0: Ball 1-0: Called Strike 1-1: Called Strike 1-2: Strikes out swinging
|
Batting: LHB Terry White
|
0-0: Called Strike 0-1: Foul Ball, location: 2F 0-2: Ball 1-2: SINGLE (Line Drive, 89S) Alonso Holguín scores
|
Batting: RHB Robert Buckley
|
0-0: Fly out, F4 (Popup, 4)
|
Top of the 5th over - 1 run(s), 2 hit(s), 0 error(s), 1 left on base; Hendersonville 1 - Orlando 2 |
BOTTOM OF THE 5TH |
Orlando Calrissian batting - Pitching for Hendersonville Hitmen : RHP Samuel Émond
|
Batting: LHB Danny Allen
|
0-0: Ground out U3 (Groundball, 3L)
|
Batting: RHB Jesús Maes
|
0-0: Fly out, F5 (Popup, 5DF)
|
Batting: LHB Santiago Márquez
|
0-0: Ball 1-0: Ball 2-0: Called Strike 2-1: Foul Ball, location: 2F 2-2: Ball 3-2: Foul Ball, location: 2F 3-2: Ground out 1-3 (Groundball, 15)
|
Bottom of the 5th over - 0 run(s), 0 hit(s), 0 error(s), 0 left on base; Hendersonville 1 - Orlando 2 |
TOP OF THE 6TH |
Hendersonville Hitmen batting - Pitching for Orlando Calrissian : LHP Jesse Hoyt
|
Batting: SHB Tony López
|
0-0: Called Strike 0-1: Swinging Strike 0-2: Fly out, F6 (Popup, 6MS)
|
Batting: RHB Taylor McFarland
|
0-0: Ball 1-0: Ball 2-0: SINGLE (Groundball, 34S)
|
Batting: RHB Robert Bly
|
0-0: Grounds into double play, 6-4-3 (Groundball, 6M)
|
Top of the 6th over - 0 run(s), 1 hit(s), 0 error(s), 0 left on base; Hendersonville 1 - Orlando 2 |
BOTTOM OF THE 6TH |
Orlando Calrissian batting - Pitching for Hendersonville Hitmen : RHP Samuel Émond
|
Batting: LHB Leo Wyeth
|
0-0: SINGLE (Line Drive, 8RS)
|
Batting: RHB Eugene Gill
|
0-0: Called Strike 0-1: Swinging Strike 0-2: Ball 1-2: Strikes out swinging
|
Batting: RHB Jorge Rodríguez
|
0-0: Ball 1-0: Ball 2-0: Ball 3-0: Called Strike 3-1: Called Strike 3-2: Strikes out swinging
|
Batting: RHB Raúl Canó
|
0-0: Ball 1-0: Ground out 1-3 (Groundball, 13)
|
Bottom of the 6th over - 0 run(s), 1 hit(s), 0 error(s), 1 left on base; Hendersonville 1 - Orlando 2 |
TOP OF THE 7TH |
Hendersonville Hitmen batting - Pitching for Orlando Calrissian : LHP Jesse Hoyt
|
Batting: RHB Junior Vargas
|
0-0: Ball 1-0: Called Strike 1-1: Ball 2-1: Fly out, F7 (Flyball, 7D)
|
Pitching: LHP Mark Murchison
|
|
Batting: RHB Alonso Holguín
|
0-0: Swinging Strike 0-1: Swinging Strike 0-2: Ball 1-2: Ball 2-2: Ground out 6-3 (Groundball, 6)
|
Batting: RHB Manolo Román
|
0-0: Called Strike 0-1: Foul Ball, location: 2F 0-2: Ball 1-2: Strikes out swinging
|
Top of the 7th over - 0 run(s), 0 hit(s), 0 error(s), 0 left on base; Hendersonville 1 - Orlando 2 |
BOTTOM OF THE 7TH |
Orlando Calrissian batting - Pitching for Hendersonville Hitmen : RHP Samuel Émond
|
Batting: LHB Rubén Díaz
|
0-0: Ball 1-0: Foul Ball, location: 2F 1-1: Ball 2-1: Ball 3-1: Fly out, F8 (Flyball, 8RM)
|
Batting: RHB Juan Aquino
|
0-0: Foul Ball, location: 2F 0-1: Ground out 5-3 (Groundball, 5)
|
Batting: LHB Danny Allen
|
0-0: Ball 1-0: Swinging Strike 1-1: Ground out 4-3 (Groundball, 4)
|
Bottom of the 7th over - 0 run(s), 0 hit(s), 0 error(s), 0 left on base; Hendersonville 1 - Orlando 2 |
TOP OF THE 8TH |
Hendersonville Hitmen batting - Pitching for Orlando Calrissian : LHP Mark Murchison
|
Pitching: RHP Paco Gutiérrez
|
|
Now in CF: Steve Garneys
|
|
Batting: RHB Carlos García
|
0-0: Ball 1-0: Foul Ball, location: 2F 1-1: Foul Ball, location: 2F 1-2: Ground out 6-3 (Groundball, 6)
|
Batting: LHB Terry White
|
0-0: Ball 1-0: Ball 2-0: Swinging Strike 2-1: Ball 3-1: Swinging Strike 3-2: Strikes out looking
|
Batting: RHB Robert Buckley
|
0-0: Ball 1-0: Ball 2-0: Ball 3-0: Called Strike 3-1: Swinging Strike 3-2: Foul Ball, location: 2F 3-2: Foul Ball, location: 2F 3-2: Strikes out swinging
|
Top of the 8th over - 0 run(s), 0 hit(s), 0 error(s), 0 left on base; Hendersonville 1 - Orlando 2 |
BOTTOM OF THE 8TH |
Orlando Calrissian batting - Pitching for Hendersonville Hitmen : RHP Samuel Émond
|
Pitching: RHP Robinson Gonzáles
|
|
Batting: RHB Jesús Maes
|
0-0: Fly out, F8 (Flyball, 8LM)
|
Batting: LHB Santiago Márquez
|
0-0: Called Strike 0-1: Foul Ball, location: 2F 0-2: Ball 1-2: Ball 2-2: Fly out, F8 (Flyball, 8LM)
|
Batting: LHB Leo Wyeth
|
0-0: Swinging Strike 0-1: Swinging Strike 0-2: Ball 1-2: Foul Ball, location: 2F 1-2: Ball 2-2: Foul Ball, location: 2F 2-2: Ball 3-2: Strikes out looking
|
Bottom of the 8th over - 0 run(s), 0 hit(s), 0 error(s), 0 left on base; Hendersonville 1 - Orlando 2 |
TOP OF THE 9TH |
Hendersonville Hitmen batting - Pitching for Orlando Calrissian : RHP Paco Gutiérrez
|
Pitching: RHP Tony Rocha
|
|
Now at C: Rich Anderson
|
|
Now at 1B: Tom Mullins
|
|
Batting: SHB Tony López
|
0-0: Ball 1-0: Called Strike 1-1: Foul Ball, location: 2F 1-2: Ball 2-2: SINGLE (Groundball, 56D)
|
Pinch Hitting: LHB Jerry Johnston
|
0-0: Ball 1-0: Called Strike 1-1: Ball 2-1: Ball 3-1: Sac Bunt - play at second, runner OUT! 1-6
|
Batting: RHB Robert Bly
|
0-0: SINGLE (Line Drive, 6D) Jerry Johnston to second
|
Pinch Hitting: SHB David Johnstone
|
0-0: Ball 1-0: Ball Wild Pitch! Jerry Johnston to third Robert Bly to second 2-0: 3-RUN HOME RUN (Flyball, 7D), Distance : 391 ft
|
Pitching: RHP Carlos Díaz
|
|
Batting: RHB Alonso Holguín
|
0-0: Ball 1-0: Ground out 4-3 (Groundball, 4)
|
Batting: RHB Manolo Román
|
0-0: SINGLE (Line Drive, 7S)
|
Batting: RHB Carlos García
|
0-0: Ball Manolo Román steals 2nd base 1-0: Ball 2-0: Called Strike 2-1: Ground out 6-3 (Groundball, 6M)
|
Top of the 9th over - 3 run(s), 4 hit(s), 0 error(s), 1 left on base; Hendersonville 4 - Orlando 2 |
BOTTOM OF THE 9TH |
Orlando Calrissian batting - Pitching for Hendersonville Hitmen : RHP Robinson Gonzáles
|
Pitching: RHP Edward Cadle
|
|
Now at 1B: David Johnstone
|
|
Now at SS: Enrique Aguilar
|
|
Batting: RHB Eugene Gill
|
0-0: Called Strike 0-1: Called Strike 0-2: Foul Ball, location: 2F 0-2: Ball 1-2: Ball 2-2: Ball 3-2: Foul Ball, location: 2F 3-2: Foul Ball, location: 2F 3-2: Strikes out swinging
|
Batting: RHB Rich Anderson
|
0-0: Called Strike 0-1: Ball 1-1: Swinging Strike 1-2: Foul Ball, location: 2F 1-2: Foul Ball, location: 2F 1-2: Ground out 6-3 (Groundball, 6M)
|
Batting: RHB Steve Garneys
|
0-0: Ball 1-0: Called Strike 1-1: Swinging Strike 1-2: Ground out 4-3 (Groundball, 4)
|
Bottom of the 9th over - 0 run(s), 0 hit(s), 0 error(s), 0 left on base; Hendersonville 4 - Orlando 2 |
|